[Event "Team 45 45 League T32"]
[Site "Internet Chess Club"]
[Date "2007.03.18"]
[Round "9"]
[White "syy89"]
[Black "mint-tea"]
[Result "1/2-1/2"]
[WhiteElo "2091"]
[BlackElo "1851"]
[ECO "C78"]
[TimeControl "2700+45"]

1. e4 e5 2. Nf3 Nc6 3. Bb5 a6 4. Ba4 Nf6 5. O-O b5 6. Bb3 Bb7 7. Re1 Bc5 8. c3
d6 9. d4 Bb6 10. a4 h6 11. axb5 axb5 12. Rxa8 Qxa8 13. Na3 Na5 14. dxe5 dxe5 15.
Nxb5 Nxb3 16. Qxb3 O-O 17. Qa3 Ng4 18. Be3 Nxe3 19. fxe3 Qe8 20. Qb4 Bxe4 21.
Nd6 cxd6 22. Qxb6 Qb8 23. Qxb8 Rxb8 24. Nd2 Bd3 25. b4 Kf8 26. Kf2 Rc8 27. Rc1
d5 28. Nb3 Bc4 29. Nc5 Ke7 30. Ra1 Rc7 31. Ra5 f5 32. Ra8 Kf7 33. Ke1 Re7 34.
Kd2 f4 35. Rb8 Ra7 36. Rb7+ Rxb7 37. Nxb7 fxe3+ 38. Kxe3 Ke6 39. Nc5+ Kd6 40.
Nb7+ Kc7 41. Nc5 Kd6 42. Nb7+ Kc7 43. Nc5 Kd6 {Game drawn by repetition} 1/2-1/2